 Dungeon Crawl Stone Soup version 0.15-a0-1646-g393eda0 (webtiles) character file.

17 Nikss the Ruinous (level 2, 0/20 HPs)
             Began as a Draconian Conjurer on June 22, 2014.
             Slain by a jackal (1 damage)
             ... on Level 1 of the Dungeon.
             The game lasted 00:06:25 (434 turns).

Nikss the Ruinous (Draconian Conjurer)               Turns: 434, Time: 00:06:25

HP   0/20        AC  4     Str 10      XL: 2   Next: 44%
MP   4/4         EV 11     Int 15      God:
Gold 40          SH  4     Dex 11      Spells:  1 memorised,  4 levels left

rFire  . . .     SeeInvis .     a - +0 club
rCold  . . .     Clarity  .     (armour unavailable)
rNeg   . . .     rCorr    .     k - +1 buckler
rPois  .         rRot     .     (helmet restricted)
rElec  .         Spirit   .     (no cloak)
SustAb .         Warding  .     (no gloves)
rMut   .         Stasis   .     (no boots)
Gourm  .                        (no amulet)
MR     .....                    (no ring)
                                (no ring)

@: not resistant to hostile enchantments, unstealthy
A: unfitting armour, cold-blooded, AC +4
a: no special abilities


You were on level 1 of the Dungeon.
You were not hungry.

You visited 1 branch of the dungeon, and saw 1 of its levels.

You collected 40 gold pieces.

Inventory:

Hand weapons
 a - a +0 club (weapon)
 d - a +0 club
 g - a +0 club
 h - a +0 hand axe
 j - a +0 dagger of venom
 m - a cursed -1 dagger
 n - a +0 dagger
Missiles
 f - 29 stones (quivered)
 l - 17 bolts
 o - 5 tomahawks
Armour
 i - a +0 ring mail
 k - a +1 buckler (worn)
Comestibles
 b - a bread ration
Potions
 e - a potion of brilliance
Books
 c - a book of Conjurations

   Spells                             Type                      Level
   *Magic Dart                        Conjuration                  1
   Searing Ray                        Conjuration                  2
   Dazzling Spray                     Conjuration/Hexes            3
   Fulminant Prism                    Conjuration/Hexes            4
   Iskenderun's Mystic Blast          Conjuration                  4
   Iskenderun's Battlesphere          Conjuration/Charms           5


   Skills:
 + Level 1.8 Dodging
 + Level 1.9 Stealth
 + Level 0.2 Unarmed Combat
 + Level 2.0 Spellcasting
 + Level 4.5 Conjurations


You had 4 spell levels left.
You knew the following spells:

 Your Spells              Type           Power        Failure   Level  Hunger
a - Magic Dart            Conj           ###.         4%          1    #......


Dungeon Overview and Level Annotations

Branches:
Dungeon (1/15)

Altars:


Innate Abilities, Weirdness & Mutations

Your plain brown scales are hard (AC +4).
Your body does not fit into most forms of armour.
Your cold-blooded metabolism reacts poorly to cold.


Message History

The jackal barely misses you. The jackal closely misses you.
The jackal bites you but does no damage.
The jackal barely misses you. The jackal misses you.
The jackal closely misses you.
The jackal bites you but does no damage.
The jackal misses you. You block the jackal's attack.
The jackal completely misses you.
You see here a rotting kobold corpse.
The jackal barely misses you. The jackal misses you.
The jackal barely misses you.
The jackal bites you but does no damage.
The jackal barely misses you. The jackal bites you.
* * * LOW HITPOINT WARNING * * *
You block the jackal's attack.
You feel a little less agile now. The jackal bites you.
You die...

#.###.#####...#########...
#.#.....##.....# #..>....
#.#.....#.......# #.###...
#.#.............# #.#.....
#.#.....#.......# #...##.#
#..............#####..##.#
####...####...............
###.##############..##.#
#....%h@......# #..##..
#..>..h######.# #..# ##
#.......# #..####
#.####..# #..#... #. #..#
#.....# #.####..#####.#
#...%.. #.............#
#.#...# ######..#######
#.##... #..# #.....#


You could see 2 jackals.

Vanquished Creatures
  An ooze (D:1)
  A goblin (D:1)
  2 hobgoblins (D:1)
  2 jackals (D:1)
  2 kobolds (D:1)
  3 bats (D:1)
  2 giant newts (D:1)
  3 rats (D:1)
16 creatures vanquished.

Notes
Turn   | Place    | Note
--------------------------------------------------------------
     0 | D:1      | Nikss, the Draconian Conjurer, began the quest for the Orb.
     0 | D:1      | Reached XP level 1. HP: 14/14 MP: 3/3
     0 | D:1      | Noticed a shadow dragon
     1 | D:1      | Noticed a large abomination
     3 | D:1      | Noticed a tentacled monstrosity
     3 | D:1      | Noticed a red draconian
     7 | D:1      | Noticed a tentacled monstrosity
     8 | D:1      | Noticed a green draconian
    10 | D:1      | Noticed a mottled draconian
    11 | D:1      | Noticed an orb of fire
    16 | D:1      | Noticed an ice dragon
    16 | D:1      | Noticed a large abomination
    17 | D:1      | Noticed a golden dragon
    17 | D:1      | Noticed an orb of fire
    19 | D:1      | Noticed a tentacled monstrosity
    21 | D:1      | Noticed an iron dragon
    21 | D:1      | Noticed a large abomination
    21 | D:1      | Noticed an orb of fire
    23 | D:1      | Noticed a large abomination
    23 | D:1      | Noticed a shadow dragon
   196 | D:1      | Reached XP level 2. HP: 20/20 MP: 0/4
   381 | D:1      | HP: 1/20 [jackal (2)]
   398 | D:1      | HP: 1/20 [jackal (1)]
   432 | D:1      | HP: 1/20 [jackal (2)]
   434 | D:1      | Slain by a jackal

Action                   || total
-------------------------++-------
Melee: Unarmed           ||    12
       Club              ||    21
Throw: Stone             ||     6
 Cast: Magic Dart        ||    28
  Use: Potion            ||     2
       Scroll            ||     3
